 Dungeon Crawl Stone Soup version 0.30-a0-879-ga8ba668304 (webtiles) character file.

Game seed: 15836093490535208346

80668 Lavandula the Zephyrmancer (level 16, -6/113 HPs)
             Began as a Human Air Elementalist on Mar 13, 2023.
             Was the Champion of Vehumet.
             Killed by an exploding ball lightning (10 damage)
             ... on level 12 of the Dungeon.
             The game lasted 01:11:18 (31618 turns).

Lavandula the Zephyrmancer (HuAE)                  Turns: 31618, Time: 01:11:18

Health: -6/113     AC: 13    Str: 18      XL:     16   Next: 15%
Magic:  27/32      EV: 14    Int: 27 (29) God:    Vehumet [******]
Gold:   1323       SH:  3    Dex: 10 (14) Spells: 9/39 levels left

rFire   . . .      SeeInvis .    r - staff of conjuration
rCold   . . .      Faith    .    d - +0 buckler {AC+3}
rNeg    . . .      Spirit   .    u - +2 robe {Archmagi}
rPois   +          Reflect  .    C - +1 helmet
rElec   .          Rampage  .    X - +0 cloak of Soft the Good {Regen+ Str+6}
rCorr   +          Archmagi +    E - +1 pair of gloves {hurl}
Will    +....                    (no boots)
Stlth   +++                      m - amulet of regeneration
HPRegen 2.78/turn                W - ring "Moirchokh" {+Blink rPois rCorr Str+3 Int+6}
MPRegen 0.23/turn                O - ring of wizardry

@: no status effects
A: deterioration 1, regeneration 1
a: Renounce Religion, Evoke Blink


You were on level 12 of the Dungeon.
You worshipped Vehumet.
Vehumet was exalted by your worship.
You visited 3 branches of the dungeon, and saw 19 of its levels.

You collected 3199 gold pieces.
You spent 1876 gold pieces at shops.

Inventory:

Hand Weapons
 f - a +5 quick blade of venom
 h - the +10 rapier "Xuuczoga" {drain, rN+ Str+2 Int+2 Dex-5}
   (You found it on level 4 of the Lair of Beasts)

   Str:       It affects your strength (+2).
   Int:       It affects your intelligence (+2).
   Dex:       It affects your dexterity (-5).
   rN:        It protects you from negative energy.
 n - a +0 dagger
Armour
 a - +0 steam dragon scales
 d - a +0 buckler of protection (worn)
 u - a +2 robe of the Archmagi (worn)
 B - the +1 ring mail "Jiocox Xiat" {+Blink rN+ Regen+ Str-3 Dex+5}
   (You bought it in a shop on level 2 of the Orcish Mines)

   Str:       It affects your strength (-3).
   Dex:       It affects your dexterity (+5).
   rN:        It protects you from negative energy.
   +Blink:    It lets you blink.
   Regen:     It increases your rate of health regeneration.
 C - a +1 helmet (worn)
 E - a +1 pair of gloves of hurling (worn)
 L - a +1 leather armour of poison resistance
 P - +0 acid dragon scales
 X - the +0 cloak of Soft the Good (worn) {Regen+ Str+6}
   (You acquired it on level 2 of the Orcish Mines)

   Str:       It affects your strength (+6).
   Regen:     It increases your rate of health regeneration.
Magical Staves
 r - a staff of conjuration (weapon)
Jewellery
 m - an amulet of regeneration (around neck)
 O - a ring of wizardry (right hand)
 T - a ring of protection from cold
 U - a ring of protection from fire
 W - the ring "Moirchokh" (left hand) {+Blink rPois rCorr Str+3 Int+6}
   (You bought it in a shop on level 2 of the Orcish Mines)

   [ring of intelligence]

   Str:       It affects your strength (+3).
   Int:       It affects your intelligence (+6).
   rPois:     It protects you from poison.
   +Blink:    It lets you blink.
   rCorr:     It protects you from acid and corrosion.
Wands
 i - a wand of digging (4)
 x - a wand of acid (10)
 M - a wand of flame (19)
 Q - a wand of mindburst (12)
 S - a wand of charming (6)
Scrolls
 e - 5 scrolls of poison
 g - 2 scrolls of summoning
 o - 2 scrolls of blinking
 q - 6 scrolls of teleportation
 v - a scroll of brand weapon
 y - 3 scrolls of magic mapping
 D - a scroll of vulnerability
 F - 4 scrolls of amnesia
 G - a scroll of silence
 R - 2 scrolls of fog
 V - 2 scrolls of torment
Potions
 b - a potion of magic
 c - a potion of resistance
 j - 7 potions of mutation
 k - 9 potions of curing
 l - 2 potions of invisibility
 p - 6 potions of berserk rage
 s - 2 potions of cancellation
 t - 3 potions of lignification
 w - 7 potions of brilliance
 z - 2 potions of might
 A - 3 potions of haste
 H - 2 potions of heal wounds
 J - 4 potions of flight
 K - 3 potions of attraction


   Skills:
 + Level 6.6 Fighting
 - Level 8.0 Short Blades
 - Level 3.5 Staves
 - Level 8.2 Armour
 - Level 7.9 Dodging
 - Level 7.7 Stealth
 - Level 12.0 Spellcasting
 - Level 9.5 Conjurations
 - Level 14.0 Air Magic
 - Level 6.8 Evocations


You had 9 spell levels left.
You knew the following spells:

 Your Spells              Type           Power      Damage    Failure   Level
a - Shock                 Conj/Air       100%       1d9       1%          1
b - Static Discharge      Conj/Air       100%       2-7/arc   1%          2
c - Airstrike             Air            47%        2d(7-23)  1%          4
d - Arcjolt               Conj/Air       55%        1d65      1%          5
e - Conjure Ball Lightni  Conj/Air       55%        3x3d20    1%          6
f - Lightning Bolt        Conj/Air       55%        1d77      1%          5
g - Swiftness             Air            95%        N/A       1%          3
h - Summon Lightning Spi  Summ/Air       69%        N/A       1%          4

Your spell library contained the following spells:

 Spells                   Type           Power      Damage    Failure   Level
 Freezing Cloud           Conj/Ice/Air   46%        6-21      1%          5
 Scorch                   Fire           48%        2d7       1%          2
 Dazzling Flash           Conj/Hex       100%       N/A       1%          3
 Vhi's Electric Charge    Tloc/Air       100%       N/A       1%          3
 Flame Wave               Conj/Fire      76%        2d17      1%          4
 Iskenderun's Mystic Bla  Conj/Tloc      76%        2d15      1%          4
 Iskenderun's Battlesphe  Conj           100%       2d15      1%          5
 Lesser Beckoning         Tloc           48%        N/A       2%          2
 Sublimation of Blood     Necr           24%        N/A       2%          2
 Fireball                 Conj/Fire      38%        3d16      2%          5
 Irradiate                Conj/Tmut      38%        3d24      2%          5
 Call Canine Familiar     Summ           24%        N/A       6%          3
 Gell's Gravitas          Tloc           24%        N/A       6%          3
 Portal Projectile        Hex/Tloc       48%        N/A       6%          3
 Teleport Other           Tloc           24%        N/A       6%          3
 Tukima's Dance           Hex            24%        N/A       6%          3
 Orb of Destruction       Conj           50%        9d13      10%         7
 Starburst                Conj/Fire      38%        6d11      12%         6
 Cause Fear               Hex            12%        N/A       19%         4
 Dispel Undead            Necr           24%        3d12      19%         4
 Leda's Liquefaction      Hex/Erth       12%        N/A       19%         4
 Petrify                  Tmut/Erth      24%        N/A       19%         4
 Blade Hands              Tmut           12%        N/A       45%         5
 Metabolic Englaciation   Hex/Ice        12%        N/A       45%         5
 Statue Form              Tmut/Erth      16%        N/A       94%         6
 Summon Cactus Giant      Summ           12%        N/A       94%         6
 Dragon Form              Tmut           12%        N/A       100%        7
 Dragon's Call            Summ           12%        N/A       100%        9


Dungeon Overview and Level Annotations

Branches:
Dungeon (12/15)            Temple (0/1) D:6            Lair (5/5) D:9
 Shoals (0/4) Lair:3       Spider (0/4) Lair:2        Slime (0/5) Lair:5
    Orc (2/2) D:11            Elf (0/3) Orc:2

Altars:
Cheibriados
Dithmenos
Hepliaklqana
Qazlal
Ru
Trog
Vehumet
The Shining One
Jiyva

Shops:
D:9 *   Orc:1 =   Orc:2 *([=

Annotations:
D:3 1 runed translucent door, Crazy Yiuf
D:8 exclusion: orange crystal statue
Lair:3 1 runed translucent door, Ekkabamu's ghost, journeyman TeAE
Orc:2 3 runed translucent doors, NoOffense's ghost, journeyman TrMo


Innate Abilities, Weirdness & Mutations

Your body sometimes deteriorates upon taking damage.
Your natural rate of healing is unusually fast.


Message History

You hear a shout!
Your ball lightning explodes!
The blast of lightning engulfs the centaur warrior zombie!!
You destroy the centaur warrior zombie!
Vehumet accepts your kill.
You feel your power returning. The blast of lightning engulfs you!!
Your body deteriorates!
You feel clumsy.
Unknown command.
Casting: Conjure Ball Lightning (dangerous; 1% risk of failure)
Confirm with . or Enter, or press ? or * to list all spells.
You feel a strong surge of power!
You create some ball lightning! 3 ball lightnings come into view.
Unknown command.
Your ball lightning explodes!
The blast of lightning engulfs your ball lightning.
Your ball lightning completely resists.
The blast of lightning engulfs you!
The blast of lightning engulfs your ball lightning.
Your ball lightning completely resists.
The blast of lightning engulfs the centaur warrior zombie!!
The centaur warrior zombie is almost destroyed.
The blast of lightning engulfs the centaur warrior zombie!!
The centaur warrior zombie is moderately damaged.
Your ball lightning explodes!
The blast of lightning engulfs the centaur warrior zombie!!!
The centaur warrior zombie is almost destroyed.
The blast of lightning engulfs your ball lightning.
Your ball lightning completely resists.
The blast of lightning engulfs the shadow!!!
You destroy the shadow!
Vehumet accepts your kill.
You feel your power returning.
The blast of lightning engulfs the centaur warrior zombie!!
You destroy the centaur warrior zombie!
Vehumet accepts your kill. The blast of lightning engulfs you!!!
* * * LOW HITPOINT WARNING * * *
Your ball lightning explodes!
The blast of lightning engulfs you!
You die...

# #. #. ####.. ##
......############ #.
.........@§......# #.
.................###### #.
.........§............###.
.......Z########..........
......#.# #....#+####
........# #....#.....
........# #....#.....
........# #....#.....
.......## #....#.....


You could see a centaur warrior zombie.

Vanquished Creatures
  10 hydras
  A catoblepas (Lair:5)
  3 two-headed ogres
  A boulder beetle (D:12)
  5 death yaks (Lair:3)
  An orc high priest (Orc:1)
  Urug (Lair:5)
  5 skeletal warriors (D:12)
  Amaemon (D:8)
  A skyshark (Lair:3)
  2 orc knights (Orc:2)
  An ugly thing (D:12)
  6 orc sorcerers
  2 cyclopes
  7 elephants
  A manticore (D:11)
  4 centaur zombies (D:12)
  3 black mambas
  A torpor snail (Lair:3)
  A gargoyle (D:11)
  An orange demon (D:8)
  Maggie (D:8)
  3 rime drakes
  5 komodo dragons
  25 cane toads
  3 trolls
  6 polar bears
  A meliai (Lair:2)
  8 hornets
  30 blink frogs
  10 dream sheep
  A slime creature (Lair:5)
  2 meliai zombies (D:12)
  A vampire (D:12)
  15 spriggans
  Grum (D:11)
  10 wyverns
  5 shadows
  4 basilisks
  2 wraiths (D:12)
  81 yaks
  2 vampire mosquitoes (D:12)
  3 steam dragons
  3 acid dragons
  5 wargs (Orc:2)
  14 water moccasins
  9 orc warriors
  4 sky beasts
  3 ice beasts
  7 black bears
  3 boggarts (Lair:5)
  6 ogres
  26 wolves
  4 centaurs
  2 phantoms (D:5)
  2 kobold brigands
  A gnoll sergeant (D:5)
  13 bullfrogs
  4 wights
  2 troll zombies (D:11)
  10 killer bees
  3 electric eels
  4 howler monkeys
  5 lava snakes
  4 hounds
  4 orc priests
  A gnoll bouda (D:6)
  4 jellies
  3 sleepcaps
  Terence (D:3)
  5 iguanas
  39 orc wizards
  4 ogre zombies (D:11)
  9 gnolls
  4 adders
  A shadow imp (D:7)
  A white imp (D:6)
  2 ufetubi
  A worm (D:3)
  5 dart slugs
  71 orcs
  10 ball pythons
  6 bats
  7 endoplasms
  4 giant cockroaches
  22 goblins
  10 hobgoblins
  6 jackals
  2 quokkas
  3 frilled lizards
  3 goblin zombies (D:11)
  2 hobgoblin skeletons (D:11)
  2 hobgoblin zombies (D:11)
  14 kobolds
  12 orc zombies (D:11)
  4 rats (D:1)
673 creatures vanquished.

Vanquished Creatures (collateral kills)
  Snorg (Orc:1)
  An ettin (Orc:2)
  A hydra (Lair:5)
  An orc sorcerer (Orc:2)
  A polar bear (Lair:5)
  A warg (Orc:2)
  7 orc warriors (Orc:2)
  An orc priest (Orc:2)
  7 orcs (Orc:2)
  19 ball lightnings
40 creatures vanquished.

Vanquished Creatures (others)
  An orc wizard (D:10)
  325 ball lightnings
  A bush (Lair:2)
  66 fungi
  65 plants
  A withered plant (D:12)
459 creatures vanquished.

Grand Total: 1172 creatures vanquished

Notes
Turn   | Place    | Note
-------+----------+-------------------------------------------
     0 | D:1      | Lavandula the Human Air Elementalist began the quest for
                  | the Orb.
     0 | D:1      | Reached XP level 1. HP: 13/13 MP: 3/3
   342 | D:1      | Reached XP level 2. HP: 19/19 MP: 1/5
   997 | D:1      | Reached skill level 4 in Air Magic
   997 | D:1      | Reached XP level 3. HP: 24/24 MP: 0/6
  1000 | D:1      | Learned a level 2 spell: Static Discharge
  1666 | D:2      | Reached skill level 1 in Short Blades
  1848 | D:2      | Reached XP level 4. HP: 30/30 MP: 4/7
  2719 | D:3      | Learned a level 4 spell: Airstrike
  3037 | D:3      | Noticed Terence
  3039 | D:3      | Reached XP level 5. HP: 35/35 MP: 3/9
  3076 | D:3      | Reached skill level 1 in Staves
  3076 | D:3      | Killed Terence
  3176 | D:3      | Found a runed translucent door.
  3177 | D:3      | Noticed Crazy Yiuf
  3487 | D:3      | Found a stormy altar of Qazlal.
  3498 | D:3      | Found a snail-covered altar of Cheibriados.
  3862 | D:4      | Noticed an ogre
  3875 | D:4      | Killed an ogre
  3876 | D:4      | Reached XP level 6. HP: 41/41 MP: 4/10
  4144 | D:4      | Noticed an ogre
  4155 | D:4      | Killed an ogre
  4156 | D:4      | Reached skill level 5 in Air Magic
  4441 | D:4      | Reached XP level 7. HP: 36/46 MP: 5/11
  4580 | D:4      | You fall into a shaft and drop 1 floor!
  4580 | D:5      | Entered Level 5 of the Dungeon
  5101 | D:5      | Found a bloodstained altar of Trog.
  5101 | D:5      | Found a faded altar of an unknown god.
  5109 | D:5      | Found a glowing golden altar of the Shining One.
  5111 | D:5      | Found a radiant altar of Vehumet.
  5113 | D:5      | Found a sacrificial altar of Ru.
  5171 | D:5      | Reached skill level 6 in Air Magic
  5556 | D:4      | Learned a level 5 spell: Arcjolt
  5576 | D:5      | Reached skill level 7 in Air Magic
  5776 | D:5      | Reached XP level 8. HP: 52/52 MP: 3/12
  5984 | D:5      | Reached skill level 8 in Air Magic
  6777 | D:6      | Reached skill level 9 in Air Magic
  6847 | D:6      | Found a hazy altar of Hepliaklqana.
  6848 | D:6      | Found a shadowy altar of Dithmenos.
  6849 | D:6      | Noticed a shadow
  6950 | D:5      | Became a worshipper of Vehumet
  7092 | D:6      | Found a staircase to the Ecumenical Temple.
  7114 | D:6      | Reached XP level 9. HP: 57/57 MP: 3/13
  7260 | D:6      | Reached skill level 10 in Air Magic
  7943 | D:6      | Reached * piety under Vehumet
  7943 | D:6      | Offered knowledge of Kiss of Death by Vehumet.
  8361 | D:7      | Noticed a cyclops
  8392 | D:7      | Killed a cyclops
  8393 | D:7      | Reached skill level 5 in Conjurations
  9729 | D:8      | Noticed an orange crystal statue
  9731 | D:8      | Reached XP level 10. HP: 63/63 MP: 9/14
 10098 | D:8      | Noticed Maggie
 10099 | D:8      | Reached ** piety under Vehumet
 10235 | D:8      | Gained mutation: Your body sometimes deteriorates upon
                  | taking damage. [potion of mutation]
 10235 | D:8      | Gained mutation: Your natural rate of healing is unusually
                  | fast. [potion of mutation]
 10237 | D:8      | Offered knowledge of Scorch by Vehumet.
 10445 | D:8      | Killed Maggie
 10616 | D:8      | Noticed an orange demon
 10619 | D:8      | Killed an orange demon
 10621 | D:8      | Noticed Amaemon
 11062 | D:8      | Reached skill level 1 in Fighting
 11432 | D:9      | Reached skill level 5 in Fighting
 11546 | D:9      | Found a staircase to the Lair.
 11552 | D:9      | Reached XP level 11. HP: 81/81 MP: 8/15
 11820 | D:8      | Killed Amaemon
 11821 | D:8      | Reached skill level 5 in Spellcasting
 12160 | D:9      | Noticed a two-headed ogre
 12161 | D:9      | Offered knowledge of Ignite Poison by Vehumet.
 12332 | D:9      | Killed a two-headed ogre
 12564 | D:9      | Reached skill level 1 in Evocations
 12942 | D:9      | Found Lopagihurr's Demolitions Depot.
 13360 | D:9      | Noticed a two-headed ogre
 13374 | D:9      | Killed a two-headed ogre
 13536 | D:9      | Learned a level 6 spell: Conjure Ball Lightning
 13643 | D:10     | Entered Level 10 of the Dungeon
 14119 | D:10     | Reached *** piety under Vehumet
 14491 | Lair:1   | Entered Level 1 of the Lair of Beasts
 14613 | Lair:1   | Reached skill level 11 in Air Magic
 14745 | Lair:1   | Identified 2 scrolls of acquirement
 14747 | Lair:1   | Acquired 857 gold pieces
 14749 | Lair:1   | Acquired a +1 quick blade of venom
 14775 | Lair:1   | Noticed an elephant
 14786 | Lair:1   | Noticed an elephant
 14788 | Lair:1   | Noticed an elephant
 14946 | Lair:1   | Reached XP level 12. HP: 82/88 MP: 22/22
 14952 | Lair:1   | Learned a level 5 spell: Lightning Bolt
 15161 | Lair:1   | Reached skill level 12 in Air Magic
 15419 | Lair:1   | Offered knowledge of Sticky Flame by Vehumet.
 15583 | Lair:1   | Reached skill level 13 in Air Magic
 16509 | Lair:2   | Found a hole to the Spider Nest.
 16515 | Lair:2   | Reached skill level 14 in Air Magic
 16582 | Lair:2   | Reached skill level 1 in Armour
 16833 | Lair:2   | Noticed an eight-headed hydra
 16843 | Lair:2   | Killed an eight-headed hydra
 16843 | Lair:2   | Reached **** piety under Vehumet
 17125 | Lair:2   | Reached skill level 5 in Armour
 17125 | Lair:2   | Reached XP level 13. HP: 93/93 MP: 16/23
 18069 | Lair:3   | Noticed a four-headed hydra
 18123 | Lair:3   | Found a staircase to the Shoals.
 18194 | Lair:3   | Offered knowledge of Inner Flame by Vehumet.
 18836 | Lair:3   | Reached skill level 5 in Dodging
 19254 | Lair:3   | Killed a four-headed hydra
 19531 | Lair:3   | Found a runed translucent door.
 19532 | Lair:3   | Identified the +6 trident of Baw Niji {elec, rCorr Str-5
                  | Dex+6}
 19532 | Lair:3   | Noticed Ekkabamu's ghost (journeyman TeAE)
 20422 | Lair:3   | Reached XP level 14. HP: 100/100 MP: 8/24
 20799 | Lair:4   | Reached skill level 5 in Short Blades
 21007 | Lair:4   | Identified the +10 rapier "Xuuczoga" {drain, rN+ Str+2
                  | Int+2 Dex-5}
 21134 | Lair:4   | Reached ***** piety under Vehumet
 21527 | Lair:4   | Offered knowledge of Iron Shot by Vehumet.
 22622 | Lair:5   | Entered Level 5 of the Lair of Beasts
 22730 | Lair:5   | Found a staircase to the Slime Pits.
 22731 | Lair:5   | Found a viscous altar of Jiyva.
 23220 | Lair:5   | Noticed Urug
 23236 | Lair:5   | Killed Urug
 23572 | Lair:5   | Reached skill level 10 in Spellcasting
 23609 | Lair:4   | Reached XP level 15. HP: 63/105 MP: 7/29
 23718 | Lair:4   | Learned a level 3 spell: Swiftness
 24179 | Lair:5   | Paralysed by a hornet for 3 turns
 24572 | Lair:5   | Offered knowledge of Spellforged Servitor by Vehumet.
 25272 | Lair:5   | Got the Quarto of Overcast Skeletons
 26028 | D:11     | Found a staircase to the Orcish Mines.
 26877 | D:11     | Noticed Grum
 27030 | D:11     | Killed Grum
 27324 | D:11     | Reached skill level 5 in Stealth
 27498 | Orc:1    | Entered Level 1 of the Orcish Mines
 27636 | Orc:1    | Noticed Snorg
 27697 | Orc:1    | Killed Snorg
 28046 | Orc:1    | Learned a level 4 spell: Summon Lightning Spire
 28096 | Orc:1    | Found Qiwoc's Jewellery Shop.
 28440 | Orc:2    | Entered Level 2 of the Orcish Mines
 28592 | Orc:2    | Offered knowledge of Eringya's Noxious Bog by Vehumet.
 28666 | Orc:2    | Paralysed by an orc sorcerer for 4 turns
 29254 | Orc:2    | Reached ****** piety under Vehumet
 29860 | Orc:2    | Found a staircase to the Elven Halls.
 30214 | Orc:2    | Reached skill level 5 in Evocations
 30366 | Orc:2    | Found a runed translucent gate.
 30366 | Orc:2    | Found a runed translucent gate.
 30377 | Orc:2    | Noticed NoOffense's ghost (journeyman TrMo)
 30381 | Orc:2    | Found a runed translucent gate.
 30421 | Orc:2    | Found Kaoseof's Antique Armour Shoppe.
 30421 | Orc:2    | Found Vasosm's Jewellery Boutique.
 30426 | Orc:2    | Bought a pair of embroidered gloves for 127 gold pieces
 30431 | Orc:2    | Bought a glowing cloak for 127 gold pieces
 30442 | Orc:2    | Bought an ichor-stained ring mail for 153 gold pieces
 30442 | Orc:2    | Identified the +1 ring mail "Jiocox Xiat" {+Blink rN+
                  | Regen+ Str-3 Dex+5} (You bought it in a shop on level 2 of
                  | the Orcish Mines)
 30518 | Orc:2    | Found Jaokhluqa's General Store.
 30518 | Orc:2    | Found Ixitsi Coc's Antique Weapon Boutique.
 30524 | Orc:2    | Bought a scroll of acquirement for 676 gold pieces
 30524 | Orc:2    | Acquired the +0 cloak of Soft the Good {Regen+ Str+6}
 30578 | Orc:2    | Bought the ring "Moirchokh" {+Blink rPois rCorr Str+3
                  | Int+6} for 793 gold pieces
 31202 | D:12     | Reached XP level 16. HP: 111/111 MP: 15/32
 31309 | D:12     | Offered knowledge of Freezing Cloud by Vehumet.
 31618 | D:12     | HP: 4/113 [spore (37)]
 31618 | D:12     | Killed by an exploding ball lightning

Illustrated notes

Levels and vault maps discovered:
D:1:      psy_arrival_conway, layout_basic, minmay_misc_feat_chi,
          hangedman_feature_mirror, grunt_decor_junction,
          ebering_dispersal_statue_hall, nicolae_eternal_life
D:2:      layout_basic, minmay_quantized
D:3:      cheibrodos_greedy_goblins, layout_basic,
          amethyst_overflow_temple_binary, uniq_crazy_yiuf_cottage, uniq_terence
D:4:      layout_loops_ring
D:5:      layout_cave_pods, chequers_temple_overflow_minitemple,
          kennysheep_generic_room_6
D:6:      corexii_shantytown, layout_cave_pools,
          riverfiend_overflow_shadow_ancestor, minmay_temple_entry_hall,
          chequers_serial_rivers_small_a, minmay_quadrilaterals
D:7:      layout_basic, grunt_ministairs_14
D:8:      layout_basic, serial_bayou_pond_d, disabler_island, uniq_amaemon,
          uniq_maggie
D:9:      layout_stronghold, minmay_lair_entry_grove, nicolae_blasting_shop,
          minmay_diced_spiral
D:10:     layout_long_grid, serial_glass, glass_columns_a, glass_columns_a,
          glass_columns_a, glass_columns_c, glass_columns_b, glass_columns_a,
          minmay_strange_pillars, feat_on_display, item_on_display_a
D:11:     layout_long_grid, zombieorc1_lemuel, hangedman_misty_isle, uniq_grum
D:12:     layout_irregular_city, serial_undead, serial_undead_e,
          serial_undead_b, serial_undead_a, serial_undead_c, fedhas_altar_4
Lair:1:   layout_roguey, guppyfry_lair_drakes, grunt_megastairs_5,
          lemuel_fruit_fields
Lair:2:   layout_roguey, hellmonk_spider_entry_not_the_bees,
          nicolae_lair_liquid_snakes
Lair:3:   layout_chaotic_city, elwin_shoals_entry_rocks,
          ebering_ghost_funeral_grove, beast_lair_carwin_10
Lair:4:   layout_layer_cave
Lair:5:   minmay_lair_end_enchanted_forest, layout_hall_layers,
          minmay_slime_entry_pillars, gauntlet_entry_generic, uniq_urug
Orc:1:    layout_caves, serial_shops, nicolae_shop_advertising_works
          [nicolae_subvault_shop_adworks], uniq_snorg
Orc:2:    st_orc_town, layout_caves, gammafunk_ghost_split,
          nicolae_orc_flooded_monolith

Skill      XL: |  1  2  3  4  5  6  7  8  9 10 11 12 13 14 15 16 |
---------------+-------------------------------------------------+-----
Air Magic      | 4 5 7 9 10 11 14 | 14.0
Short Blades   | 1 3 8 |  8.0
Spellcasting   | 3 6 10 12 | 12.0
Staves         | 3 |  3.5
Conjurations   | 7 9 |  9.5
Fighting       | 5 6 |  6.6
Evocations     | 3 5 6 |  6.8
Armour         | 5 8 |  8.2
Dodging        | 7 |  7.9
Stealth        | 7 |  7.7

Action                     |  1- 3 |  4- 6 |  7- 9 | 10-12 | 13-15 | 16-18 || total
---------------------------+-------+-------+-------+-------+-------+-------++-------
  Melee: Unarmed           |     9 |       |       |       |       |       ||     9
         Staff             |       |    60 |    13 |    32 |    50 |       ||   155
         Punch             |       |       |     1 |     2 |     3 |       ||     6
         Quick blade       |       |       |       |       |   292 |       ||   292
   Cast: Shock             |    69 |    86 |   120 |    82 |     3 |     7 ||   367
         Airstrike         |       |     2 |    48 |   116 |   332 |     2 ||   500
         Static Discharge  |       |     3 |     4 |    39 |    60 |       ||   106
         Arcjolt           |       |       |       |     4 |    28 |       ||    32
         Conjure Ball Ligh |       |       |       |    26 |   102 |    10 ||   138
         Summon Lightning  |       |       |       |       |     5 |       ||     5
  Evoke: Wand              |       |       |     2 |     4 |     5 |       ||    11
    Use: Potion            |       |       |       |     2 |     2 |       ||     4
         Scroll            |       |       |       |    28 |    16 |       ||    44
 Armour: Robe              |     8 |     6 |    11 |     6 |    12 |       ||    43
         Steam dragon scal |       |       |       |     5 |       |       ||     5
         Acid dragon scale |       |       |       |    25 |   111 |       ||   136
  Dodge: Dodged            |    26 |    43 |    40 |    73 |   204 |     3 ||   389
  Block: Buckler           |       |       |       |       |    18 |       ||    18

Table legend: (Time is in decaauts)
 A = Elapsed time spent in this place.
 B = Non-inter-level travel time spent in this place.
 C = Inter-level travel time spent in this place.
 D = Time resting spent in this place.
 E = Time spent auto-exploring this place.
 F = Levels seen in this place.
 G = Mean time per level.
                   A        B        C        D        E       F      G
               +--------+--------+--------+--------+--------+-----+--------+
         Total |  31490 |  29907 |   1583 |   8868 |  16402 |  19 | 1657.4 |
       Dungeon |  17160 |  16280 |    880 |   3640 |  10393 |  12 | 1430.0 |
          Lair |  11267 |  10737 |    530 |   4475 |   4359 |   5 | 2253.4 |
  Orcish Mines |   3063 |   2892 |    171 |    753 |   1649 |   2 | 1531.5 |
               +--------+--------+--------+--------+--------+-----+--------+

Top non-repeatable levels by time:
  Lair:5: 2573 daAuts
  Lair:2: 2490 daAuts
  Lair:4: 2294 daAuts
  Lair:1: 2019 daAuts
  Lair:3: 1889 daAuts
     D:8: 1886 daAuts
     D:9: 1877 daAuts
     D:6: 1775 daAuts
    D:11: 1764 daAuts
   Orc:2: 1759 daAuts
     D:5: 1755 daAuts
     D:7: 1532 daAuts
     D:1: 1485 daAuts
     D:3: 1325 daAuts
   Orc:1: 1304 daAuts
